 Dungeon Crawl Stone Soup version 0.23.1 (webtiles) character file.

Game seed: 7620154268219644093

372 PentaManta the Bolt Thrower (level 7, -4/40 HPs)
             Began as a Kobold Hunter on Mar 17, 2019.
             Was an Initiate of Okawaru.
             Slain by a gnoll
             ... wielding a +0 spear
              (8 damage)
             ... on level 4 of the Dungeon.
             The game lasted 00:13:59 (5364 turns).

PentaManta the Bolt Thrower (Kobold Hunter)         Turns: 5364, Time: 00:14:00

Health: -4/40      AC:  3    Str: 12    XL:     7   Next: 2%
Magic:  7/7        EV: 16    Int: 12    God:    Okawaru [......]
Gold:   187        SH:  0    Dex: 15    Spells: 6/6 levels left

rFire    . . .     SeeInvis .   s - +0 rapier
rCold    . . .     Gourm    .   (shield restricted)
rNeg     . . .     Faith    .   c - +0 leather armour
rPois    .         Spirit   .   (no helmet)
rElec    .         Reflect  .   (no cloak)
rCorr    .         Harm     .   (no gloves)
MR       +....                  (no boots)
Stlth    ++........             (no amulet)
HPRegen  0.13/turn              (no ring)
MPRegen  0.10/turn              t - ring of protection from magic

@: no status effects
A: small, carnivore
a: Renounce Religion


You were on level 4 of the Dungeon.
You worshipped Okawaru.
Okawaru was noncommittal.
You were near starving.

You visited 2 branches of the dungeon, and saw 5 of its levels.

You collected 187 gold pieces.

Inventory:

Hand Weapons
 a - a +1 hand crossbow
 s - a +0 rapier (weapon)
Missiles
 d - 21 stones (quivered)
 q - 4 bolts
Armour
 c - a +0 leather armour (worn)
 p - a +0 buckler
Jewellery
 t - a ring of protection from magic (right hand)
Scrolls
 l - a scroll of teleportation
Potions
 b - 2 potions of lignification
 n - a potion of haste
 o - a potion of brilliance
 u - a potion of degeneration
Comestibles
 f - 7 rations


   Skills:
 - Level 2.1 Fighting
 * Level 7.7 Crossbows
 + Level 4.6 Dodging
 - Level 4.1 Stealth


You had 6 spell levels left.
You didn't know any spells.
Your spell library was empty.

Dungeon Overview and Level Annotations

Branches:
Dungeon (4/15)             Temple (1/1) D:4

Altars:
Ashenzari
Dithmenos
Elyvilon
Fedhas
Gozag
Hepliaklqana
Kikubaaqudgha
Makhleb
Nemelex Xobeh
Okawaru
Qazlal
Ru
Sif Muna
Trog
Wu Jian
Xom
Yredelemnul
Zin
The Shining One

Annotations:
D:3 2 transporters, Menkaure


Innate Abilities, Weirdness & Mutations

You are small and have problems with some larger weapons.
You are carnivorous and can eat meat at any time.


Message History

* * * LOW HITPOINT WARNING * * *
The gnoll hits you from afar with a +0 spear.
* * * LOW HITPOINT WARNING * * *
The gnoll hits you but does no damage. The gnoll barely misses you.
The gnoll hits you but does no damage.
The gnoll hits you from afar with a +0 spear.
* * * LOW HITPOINT WARNING * * *
The gnoll hits you but does no damage. The gnoll hits you but does no damage.
You feel less wooden.
Your +0 leather armour unmelds from your body.
The gnoll hits you from afar with a +0 spear.
* * * LOW HITPOINT WARNING * * *
The gnoll closely misses you. The gnoll closely misses you.
You see here a worker ant corpse.
You closely miss the gnoll. The gnoll barely misses you.
You closely miss the gnoll. The gnoll hits you with a +0 spear!
You die...

#
######.....#....##..#.......
#..........#....##..#.......
#..........#........#
#..........'...>....#
..............#......
..............#......
..............# .....
.............g#######
.##########...@....#
#...(....# #........#
...........# ....####....#
.##. #...... ## #.......
#.......


You could see a gnoll.

Vanquished Creatures
  2 orc priests (D:3)
  A gnoll shaman (D:3)
  A bullfrog skeleton (D:4)
  An iguana (D:4)
  3 worker ants (D:4)
  4 gnolls
  6 adders
  A dart slug (D:2)
  4 leopard geckos
  4 orcs
  5 bats
  A giant cockroach (D:1)
  6 goblins
  8 hobgoblins
  3 jackals (D:3)
  6 kobolds
  A quokka (D:2)
  2 frilled lizards
  6 rats
65 creatures vanquished.

Notes
Turn   | Place    | Note
-------+----------+-------------------------------------------
     0 | D:1      | PentaManta the Kobold Hunter began the quest for the Orb.
     0 | D:1      | Reached XP level 1. HP: 12/12 MP: 1/1
    39 | D:1      | Reached skill level 5 in Crossbows
    61 | D:1      | Reached XP level 2. HP: 17/17 MP: 2/2
   633 | D:1      | Reached XP level 3. HP: 21/21 MP: 3/3
   899 | D:2      | Reached XP level 4. HP: 14/26 MP: 4/4
  1328 | D:2      | Reached skill level 6 in Crossbows
  2035 | D:3      | Found a transporter.
  2053 | D:3      | Found a basalt altar of Yredelemnul.
  2057 | D:3      | Noticed Menkaure
  2063 | D:3      | Found an ancient bone altar of Kikubaaqudgha.
  2066 | D:3      | Found a transporter.
  2188 | D:3      | Reached XP level 5. HP: 14/30 MP: 5/5
  3557 | D:4      | Reached XP level 6. HP: 12/35 MP: 6/6
  3558 | D:4      | Found a staircase to the Ecumenical Temple.
  3573 | Temple   | Entered the Ecumenical Temple
  3865 | Temple   | Became a worshipper of Warmaster Okawaru
  4136 | D:4      | Reached skill level 7 in Crossbows
  5325 | D:4      | Reached XP level 7. HP: 22/40 MP: 7/7
  5364 | D:4      | Slain by a gnoll

Skill      XL: |  1  2  3  4  5  6 |
---------------+-------------------+-----
Crossbows      | 5 6 7 |  7.7
Stealth        | 2 3 4 |  4.1
Dodging        | 3 4 |  4.6
Fighting       | |  2.1

Action                   |  1- 3 |  4- 6 |  7- 9 || total
-------------------------+-------+-------+-------++-------
Melee: Short sword       |       |    44 |       ||    44
       Rapier            |       |   130 |     2 ||   132
 Fire: Hand crossbow     |    47 |    53 |       ||   100
Throw: Stone             |       |     7 |       ||     7
       Throwing net      |       |     2 |       ||     2
  Use: Potion            |       |     7 |     1 ||     8
       Scroll            |       |     9 |       ||     9
 Stab: Sleeping          |       |     1 |       ||     1
  Eat: Chunk             |       |    12 |       ||    12
Armor: Leather armour    |     4 |    15 |       ||    19
       Skin              |       |    10 |    19 ||    29
Dodge: Dodged            |    16 |   150 |     8 ||   174
